 Dungeon Crawl Stone Soup version 0.26-a0-40-gfe7b5d5a6f (webtiles) character file.

Game seed: 14425384854332336679, levelgen mode: deterministic

5992 Froggeryz the Martial Artist (level 10, -4/91 (92) HPs)
             Began as a Black Draconian Transmuter on May 31, 2020.
             Was a Priest of Cheibriados.
             Slain by an eight-headed hydra (10 damage)
             ... on level 1 of the Lair of Beasts.
             The game lasted 00:17:53 (10486 turns).

Froggeryz the Martial Artist (DrTm)                Turns: 10486, Time: 00:17:54

HP:   -4/91 (92)    AC:  6    Str: 20    XL:     10   Next: 55%
MP:   1/13          EV: 15    Int: 21    God:    Cheibriados [***...]
Gold: 481           SH:  0    Dex: 21    Spells: 5/13 levels left

rFire    x . .     SeeInvis .     - Unarmed
rCold    + + +     Gourm    .   (shield currently unavailable)
rNeg     . . .     Faith    .   (armour unavailable)
rPois    +         Spirit   .   (helmet currently unavailable)
rElec    .         Reflect  .   (cloak currently unavailable)
rCorr    .         Harm     .   (gloves currently unavailable)
MR       .....                  (boots currently unavailable)
Stlth    ++........             o - amulet of regeneration
HPRegen  0.65/turn              H - ring of wizardry
MPRegen  0.13/turn              (no ring)

@: about to teleport, ice-form, very slightly contaminated, very slow
A: large, (breathe lightning), unfitting armour, AC +7
a: End Transformation, Bend Time, Temporal Distortion, Renounce Religion


You were on level 1 of the Lair of Beasts.
You worshipped Cheibriados.
Cheibriados was most pleased with you.
You were hungry.
You were a creature of crystalline ice.
You visited 3 branches of the dungeon, and saw 11 of its levels.

You collected 529 gold pieces.
You spent 48 gold pieces at shops.

Inventory:

Hand Weapons
 e - a +2 hand axe of freezing
Missiles
 l - 45 poisoned darts
 q - 5 curare-tipped darts (quivered)
 x - 72 arrows
Armour
 d - a +0 cloak (melded)
 E - a +0 pair of gloves (melded)
Magical Staves
 a - an uncursed staff of wizardry
Jewellery
 o - an amulet of regeneration (around neck)
 G - an uncursed ring of fire
 H - a ring of wizardry (left front paw)
Wands
 z - a wand of polymorph (9)
 A - a wand of disintegration (10)
 F - a wand of flame (14)
Scrolls
 b - a scroll of random uselessness {unknown}
 f - 2 scrolls of enchant armour {unknown}
 h - 3 scrolls of immolation {unknown}
 k - a scroll of amnesia {unknown}
 m - 10 scrolls of identify {unknown}
 n - 3 scrolls of blinking {unknown}
 s - 2 scrolls of fog {unknown}
 t - 2 scrolls of teleportation
 v - a scroll of fear {unknown}
 w - a scroll of noise {unknown}
 y - a scroll of enchant weapon {unknown}
 D - 3 scrolls of remove curse {unknown}
Potions
 g - 3 potions of stabbing {unknown}
 i - a potion of heal wounds {unknown}
 j - a potion of lignification
 p - a potion of invisibility {unknown}
 r - a potion of flight {unknown}
 B - a potion of haste {unknown}
 C - 2 potions of ambrosia {unknown}
Comestibles
 c - 22 rations


   Skills:
 + Level 3.5 Fighting
 - Level 7.1 Dodging
 - Level 12.2 Unarmed Combat
 - Level 2.0 Spellcasting
 * Level 6.7 Transmutations


You had 5 spell levels left.
You knew the following spells:

 Your Spells              Type           Power        Failure   Level  Hunger
a - Beastly Appendage     Tmut           ####..       1%          1    #......
b - Spider Form           Tmut/Pois      ###.......   4%          3    ###....
c - Ice Form              Ice/Tmut       ###.....     16%         4    #####..

Your spell library contained the following spells:

 Spells                   Type           Power        Failure   Level  Hunger
 Sticks to Snakes         Tmut           ####....     1%          2    ##.....
 Corona                   Hex            #......      6%          1    #......
 Freeze                   Ice            #...         6%          1    #......
 Ensorcelled Hibernation  Hex/Ice        #.....       9%          2    ##.....
 Blade Hands              Tmut           ####......   11%         5    ######.
 Confusing Touch          Hex            #.......     17%         3    ###....
 Dazzling Flash           Conj/Hex       #.....       17%         3    ###....
 Frozen Ramparts          Ice            #.....       17%         3    ###....
 Ozocubu's Armour         Chrm/Ice       #.......     17%         3    ###....
 Tukima's Dance           Hex            #.......     17%         3    ###....
 Hailstorm                Conj/Ice       #.......     47%         4    #####..
 Summon Ice Beast         Ice/Summ       #.......     47%         4    #####..
 Bolt of Magma            Conj/Fire/Erth #.........   82%         5    ######.
 Iskenderun's Battlesphe  Conj/Chrm      #.......     82%         5    ######.
 Iron Shot                Conj/Erth      #.........   100%        6    #######
 Orb of Destruction       Conj           #.........   100%        7    #######
 Spellforged Servitor     Conj/Summ      #.........   100%        7    #######


Dungeon Overview and Level Annotations

Branches:
Dungeon (9/15)             Temple (1/1) D:7            Lair (1/6) D:9
    Orc: D:9-12

Altars:
Ashenzari
Cheibriados
Dithmenos
Elyvilon
Fedhas
Gozag
Hepliaklqana
Kikubaaqudgha
Makhleb
Nemelex Xobeh
Okawaru
Qazlal
Ru
Sif Muna
Trog
Uskayaw
Vehumet
Wu Jian
Xom
Yredelemnul
Zin
The Shining One

Shops:
D:8 *

Annotations:
D:3 exclusion: door


Innate Abilities, Weirdness & Mutations

((You can breathe wild blasts of lightning.))
((Your glossy black scales are hard. (AC +7)))
You cannot fit into any form of body armour.
((You are resistant to electric shocks. (rElec)))
((You are cold-blooded and may be slowed by cold attacks.))


Message History

* * * LOW HITPOINT WARNING * * *
The eight-headed hydra bites you!
* * * LOW HITPOINT WARNING * * *
Unknown command.
Unknown command.
Okay, then.
Unknown command.
Evoke which item? (* to show all) (? for menu, Esc to quit)
Okay, then.
Unknown command.
Okay, then.
Unknown command.
Unknown command.
As you read the scroll labeled IKA CECLO, it crumbles to dust.
You feel strangely unstable.
It was a scroll of teleportation.
The hippogriff closely misses you. The hippogriff barely misses you.
The hippogriff claws you.
* * * LOW HITPOINT WARNING * * *
The eight-headed hydra bites you!
You die...

##...P#
#P....####
#........###
#.....>.)..#
+...........
##...^..!..#
#....D....#
#..HY....#
#........#
####P.####
#... ###.#
.# .# +#


You could see an eight-headed hydra and a hippogriff.

Vanquished Creatures
  A two-headed ogre (D:9)
  An elephant (D:8)
  Grinder (D:3)
  3 hippogriffs
  A wyvern (D:6)
  5 yaks (D:9)
  A basilisk (D:9)
  An orc warrior (D:9)
  2 sky beasts
  5 ice beasts
  6 ogres
  A necrophage (D:9)
  4 centaurs
  2 crocodiles
  2 bullfrogs
  A scorpion (D:9)
  2 water moccasin skeletons
  3 wights (D:8)
  2 howler monkeys (D:8)
  A centaur zombie (D:7)
  4 crimson imps
  2 hounds (D:7)
  A jelly (D:8)
  A quasit (D:5)
  3 orc priests
  An iguana (D:5)
  A bullfrog skeleton (D:5)
  4 worker ants
  6 orc wizards
  2 killer bee zombies (D:8)
  3 hound skeletons
  2 worker ant zombies (D:7)
  13 adders
  4 gnolls (D:4)
  A shadow imp (D:9)
  An adder skeleton (D:9)
  An adder zombie (D:7)
  2 worms
  4 dart slugs
  A leopard gecko (D:4)
  24 orcs
  5 bats
  2 giant cockroaches
  7 goblins
  5 hobgoblins
  5 jackals
  5 kobolds
  6 quokkas
  3 ball pythons
  A frilled lizard (D:2)
  A leopard gecko skeleton (D:5)
  A leopard gecko zombie (D:9)
  3 quokka zombies
  9 rats
179 creatures vanquished.

Notes
Turn   | Place    | Note
-------+----------+-------------------------------------------
     0 | D:1      | Froggeryz the Draconian Transmuter began the quest for the
                  | Orb.
     0 | D:1      | Reached XP level 1. HP: 16/16 MP: 3/3
   360 | D:1      | Reached XP level 2. HP: 14/23 MP: 5/5
  1166 | D:2      | Reached XP level 3. HP: 28/29 MP: 6/6
  1484 | D:2      | Reached skill level 4 in Unarmed Combat
  1868 | D:3      | Reached XP level 4. HP: 27/36 MP: 4/7
  2295 | D:3      | Noticed Grinder
  2302 | D:3      | Paralysed by Grinder for 7 turns
  2313 | D:3      | Killed Grinder
  2313 | D:3      | Reached skill level 5 in Unarmed Combat
  2313 | D:3      | Reached XP level 5. HP: 41/41 MP: 8/8
  2313 | D:3      | Reached XP level 6. HP: 48/48 MP: 9/9
  2371 | D:3      | Found a shimmering blue altar of Sif Muna.
  2663 | D:4      | Reached skill level 6 in Unarmed Combat
  3096 | D:4      | Found a hide-covered altar of Uskayaw.
  3217 | D:4      | Found a shattered altar of Ashenzari.
  3507 | D:5      | Entered Level 5 of the Dungeon
  3507 | D:5      | Found a radiant altar of Vehumet.
  3548 | D:5      | Reached skill level 7 in Unarmed Combat
  3841 | D:5      | Found an iron altar of Okawaru.
  3888 | D:5      | Your scales start taking on a glossy black colour.
  3888 | D:5      | Reached XP level 7. HP: 37/55 MP: 8/10
  3888 | D:5      | Gained mutation: You are resistant to electric shocks.
                  | (rElec) [Black Draconian growth]
  4104 | D:5      | Found a sparkling altar of Nemelex Xobeh.
  4104 | D:5      | Found a basalt altar of Yredelemnul.
  4115 | D:5      | Found a shadowy altar of Dithmenos.
  4115 | D:5      | Found a shimmering blue altar of Sif Muna.
  4116 | D:5      | Found a glowing silver altar of Zin.
  5062 | D:5      | Reached skill level 8 in Unarmed Combat
  5539 | D:6      | Noticed a wyvern
  5545 | D:6      | Killed a wyvern
  5545 | D:6      | Reached XP level 8. HP: 4/61 MP: 9/11
  6056 | D:6      | Reached skill level 9 in Unarmed Combat
  6439 | D:7      | Noticed a hippogriff
  6447 | D:7      | Killed a hippogriff
  6752 | D:7      | Reached skill level 5 in Transmutations
  6758 | D:7      | Found a staircase to the Ecumenical Temple.
  6891 | Temple   | Entered the Ecumenical Temple
  6923 | Temple   | Became a worshipper of Cheibriados the Contemplative
  7104 | D:7      | Reached skill level 10 in Unarmed Combat
  7229 | D:7      | Reached XP level 9. HP: 50/67 MP: 10/12
  7911 | D:7      | Reached * piety under Cheibriados
  8158 | D:8      | Found Ader's General Store.
  8161 | D:8      | Bought a potion of curing for 36 gold pieces
  8161 | D:8      | Bought a potion of degeneration for 12 gold pieces
  8307 | D:8      | Reached skill level 11 in Unarmed Combat
  8830 | D:8      | Reached skill level 5 in Dodging
  9051 | D:8      | Learned a level 3 spell: Spider Form
  9322 | D:9      | Found a staircase to the Lair.
  9322 | D:9      | Noticed an elephant
  9344 | D:8      | HP: 2/67 [elephant (13)]
  9349 | D:8      | Killed an elephant
  9349 | D:8      | Reached ** piety under Cheibriados
  9349 | D:8      | Reached skill level 12 in Unarmed Combat
  9459 | D:9      | Reached XP level 10. HP: 51/73 MP: 10/13
  9883 | D:9      | Reached *** piety under Cheibriados
 10222 | D:9      | Noticed a two-headed ogre
 10232 | D:9      | Killed a two-headed ogre
 10479 | D:9      | Learned a level 4 spell: Ice Form
 10480 | Lair:1   | Entered Level 1 of the Lair of Beasts
 10480 | Lair:1   | Noticed an eight-headed hydra
 10486 | Lair:1   | Slain by an eight-headed hydra

Illustrated notes

Levels and vault maps discovered:
D:1:      erik_arrival_orb_chamber, layout_loops_cross, chequers_hall_statues_y,
          minmay_heptomino_w4
D:2:      layout_rooms, chequers_arboretum, hangedman_decor_push
D:3:      layout_rooms, led_sif_book, uniq_grinder
D:4:      layout_basic, nicolae_overflow_hidden_temple, lemuel_doored_altar
D:5:      layout_cave_pools, grunt_temple_overflow_open, fiery_altar_vehumet,
          first_ration, minmay_fractal_squares_diagonal_5
D:6:      layout_loops_ring
D:7:      layout_basic, temple_doors_ab
D:8:      layout_loops_corners, serial_shops, shop
D:9:      layout_cave_pools, david_lair_generic, grunt_ogre_cave,
          feat_on_display
Temple:   dshaligram_water_room_temple
Lair:1:   layout_roguey, chequers_serial_rivers_micro_a,
          gammafunk_lair_bear_cave

Skill      XL: |  1  2  3  4  5  6  7  8  9 10 |
---------------+-------------------------------+-----
Fighting       | 2 3 |  3.5
Unarmed Combat | 4 5 7 8 10 12 | 12.2
Dodging        | 2 3 5 7 |  7.1
Transmutations | 4 5 6 |  6.7
Spellcasting   | |  2.0

Action                   |  1- 3 |  4- 6 |  7- 9 | 10-12 || total
-------------------------+-------+-------+-------+-------++-------
Melee: Unarmed           |   133 |   131 |   311 |    89 ||   664
       Tailslap          |     3 |    10 |    36 |     6 ||    55
       Punch             |     1 |     2 |    10 |     4 ||    17
       Kick              |     4 |     5 |    21 |       ||    30
       Headbutt          |     1 |     6 |    11 |       ||    18
Throw: Dart              |       |     4 |     1 |       ||     5
 Cast: Beastly Appendage |     5 |     9 |    19 |       ||    33
       Spider Form       |       |       |     5 |     5 ||    10
       Ice Form          |       |       |       |     1 ||     1
 Abil: Breathe Lightning |       |       |     6 |       ||     6
  Use: Potion            |       |     1 |     1 |       ||     2
       Scroll            |       |       |       |     1 ||     1
 Stab: Sleeping          |     2 |     1 |     2 |       ||     5
       Distracted        |       |       |     1 |       ||     1
  Eat: Chunk             |     3 |     7 |    14 |     2 ||    26
       Ration            |       |       |     1 |       ||     1
Armor: Skin              |    67 |    42 |    81 |     7 ||   197
Dodge: Dodged            |    84 |    80 |   236 |    77 ||   477

Table legend:
 A = Non-vault XP
 B = Vault XP
 C = Vault XP percentage of total XP
 D = Non-vault monster count
 E = Vault monster count
 F = Vault count percentage of total count
                 A         B        C        D         E       F
            +---------+---------+-------+---------+---------+-------
      Total |    6248 |    2312 |  27.0 |     164 |      15 |   8.4
            +---------+---------+-------+---------+---------+-------
        D:1 |      33 |       5 |  13.2 |      15 |       4 |  21.1
        D:2 |      25 |       0 |   0.0 |       9 |       0 |   0.0
        D:3 |      97 |     267 |  73.4 |      22 |       1 |   4.3
        D:4 |     147 |       0 |   0.0 |      11 |       0 |   0.0
        D:5 |     526 |     139 |  20.9 |      24 |       5 |  17.2
        D:6 |     500 |       0 |   0.0 |       7 |       0 |   0.0
        D:7 |    1562 |       0 |   0.0 |      23 |       0 |   0.0
        D:8 |    1496 |     574 |  27.7 |      24 |       2 |   7.7
        D:9 |    1862 |    1327 |  41.6 |      29 |       3 |   9.4
            +---------+---------+-------+---------+---------+-------
